 Dungeon Crawl Stone Soup version 0.21.1-1-g345015f (webtiles) character file.

112 tidbits the Charmwright (level 4, -1/38 HPs)
             Began as a Gnoll Skald on June 20, 2018.
             Slain by a gnoll
             ... wielding a +0 halberd
              (6 damage)
             ... on level 4 of the Dungeon.
             The game lasted 00:03:21 (383 turns).

tidbits the Charmwright (Gnoll Skald)                Turns: 383, Time: 00:03:22

Health: -1/38      AC:  3    Str: 13    XL:     4   Next: 95%
Magic:  2/11       EV: 14    Int: 16    God:
Gold:   0          SH:  0    Dex: 15    Spells: 2/13 levels left

rFire    . . .     SeeInvis .   a - +0 hand axe
rCold    . . .     Gourm    .   (no shield)
rNeg     . . .     Faith    .   b - +0 leather armour
rPois    .         Spirit   .   (no helmet)
rElec    .         Reflect  .   (no cloak)
rCorr    .         Harm     .   (no gloves)
MR       .....                  (no boots)
Stlth    ++........             (no amulet)
HPRegen  0.12/turn              (no ring)
MPRegen  0.12/turn              (no ring)

@: singing
A: distributed training, fangs 1, strong nose
a: no special abilities


You were on level 4 of the Dungeon.
You were not hungry.

You visited 1 branch of the dungeon, and saw 4 of its levels.

Inventory:

Hand Weapons
 a - a +0 hand axe (weapon)
 k - a cursed -1 rapier
 l - a +0 flail
Armour
 b - a +0 leather armour (worn)
 h - a +0 ring mail
Wands
 j - a wand of flame (9)
Scrolls
 e - a scroll of blinking {unknown}
 g - 2 scrolls of remove curse {unknown}
 i - a scroll of amnesia {unknown}
 m - a scroll of identify {unknown}
Potions
 f - a potion of brilliance {unknown}
Books
 c - a book of Battle

   Spells                             Type                      Level
   a - Infusion                       Charms                       1
   b - Shroud of Golubria             Charms/Translocation         2
   c - Song of Slaying                Charms                       2
   d - Spectral Weapon                Hexes/Charms                 3
   e - Regeneration                   Charms/Necromancy            3
Comestibles
 d - a ration


   Skills:
 + Level 4.7 Fighting
 + Level 1.2 Short Blades
 + Level 1.2 Long Blades
 + Level 4.7 Axes
 + Level 1.2 Maces & Flails
 + Level 1.2 Polearms
 + Level 1.2 Staves
 + Level 1.2 Slings
 + Level 1.2 Bows
 + Level 1.2 Crossbows
 + Level 1.2 Throwing
 + Level 2.8 Armour
 + Level 4.7 Dodging
 + Level 1.2 Stealth
 + Level 1.2 Shields
 + Level 1.2 Unarmed Combat
 + Level 5.1 Spellcasting
 + Level 1.0 Conjurations
 + Level 1.0 Hexes
 + Level 5.5 Charms
 + Level 1.0 Summonings
 + Level 1.0 Necromancy
 + Level 1.0 Translocations
 + Level 1.0 Transmutations
 + Level 1.0 Fire Magic
 + Level 1.0 Ice Magic
 + Level 1.0 Air Magic
 + Level 1.0 Earth Magic
 + Level 1.0 Poison Magic
 + Level 1.4 Invocations
 + Level 1.2 Evocations


You had 2 spell levels left.
You knew the following spells:

 Your Spells              Type           Power        Failure   Level  Hunger
g - Shroud of Golubria    Chrm/Tloc      ##........   8%          2    #......
i - Infusion              Chrm           ###.         1%          1    None
r - Regeneration          Chrm/Necr      ##........   14%         3    ###....
w - Spectral Weapon       Hex/Chrm       ##......     14%         3    ###....
y - Song of Slaying       Chrm           ###.....     3%          2    #......


Dungeon Overview and Level Annotations

Branches:
Dungeon (4/15)
 Temple: D:4-7

Altars:


Innate Abilities, Weirdness & Mutations

Your experience applies equally to all skills.
You have very sharp teeth.
Your uncanny sense of smell can sniff out nearby items.


Message History

The adder barely misses you.
You miss the adder.
The adder is severely wounded.
You barely miss the orc.
Your spectral weapon misses the adder.
Your spectral weapon hits the orc.
The orc completely misses you. The adder completely misses you.
You closely miss the adder.
The adder is severely wounded.
You hit the orc.
You kill the orc!
You feel sick.
Your spectral weapon hits the adder.
The adder bites your spectral weapon.
Your spectral weapon shares its damage with you!
Your spectral weapon fades away.
* * * LOW HITPOINT WARNING * * *
The adder hisses angrily.
You hit the adder.
You kill the adder!
Your Conjurations skill increases to level 1!
Your Hexes skill increases to level 1!
Your Summonings skill increases to level 1!
Your Necromancy skill increases to level 1!
Your Translocations skill increases to level 1!
Your Transmutations skill increases to level 1!
Your Fire Magic skill increases to level 1!
Your Ice Magic skill increases to level 1!
Your Air Magic skill increases to level 1!
Your Earth Magic skill increases to level 1!
Your Poison Magic skill increases to level 1!
Unknown command.
Casting: Spectral Weapon
Confirm with . or Enter, or press ? or * to list all spells.
Your skin crawls.
Unknown command.
You feel sick.
Things that are here:
a flail; a ring mail; an orc corpse
l - a flail You see here an adder corpse.
Your skin is crawling a little less now.
Things that are here:
a whip; a leather armour; an orc corpse You feel sick.
Found a stone staircase leading up.
Your skin stops crawling.
You feel sick.
You feel sick.
You are no longer poisoned.
There is a stone staircase leading up here.
Your song is almost over.
You climb upwards.
An ooze comes into view.
The ooze quivers.
There is a stone staircase leading down here.
You slash the ooze!
The ooze is severely wounded.
The ooze jiggles.
The ooze misses you.
You hit the ooze.
You kill the ooze!
You climb downwards.
Your song has ended.
There is a stone staircase leading up here.
Unknown command.
Found a scroll labeled ROHES HAMNES.
You see here a scroll labeled ROHES HAMNES.
m - a scroll labeled ROHES HAMNES You open the large door.
A gnoll comes into view. It is wielding a whip.
The gnoll shouts!
You hear a bark!
Found a chain mail.
Unknown command.
Casting: Regeneration
Confirm with . or Enter, or press ? or * to list all spells.
You start singing a song of slaying.
You hear a shout!
Casting: Song of Slaying
Confirm with . or Enter, or press ? or * to list all spells.
You draw out your weapon's spirit!
You hear a bark!
A hound and a gnoll come into view.
You hear a shout! x2
A gnoll comes into view. It is wielding a spear.
You hit the gnoll. You bite the gnoll, but do no damage.
The gnoll is lightly wounded.
Your spectral weapon closely misses the gnoll.
The gnoll hits you with a whip!
* * * LOW HITPOINT WARNING * * *
A gnoll comes into view. It is wielding a flail.
You hit the gnoll.
The gnoll is heavily wounded.
Your spectral weapon hits the gnoll.
The gnoll hits you with a whip.
* * * LOW HITPOINT WARNING * * *
The hound misses you.
Unknown command.
You hit the gnoll.
You kill the gnoll!
You completely miss the hound. The hound barely misses you.
The gnoll hits you from afar with a halberd.
You die...

##.....)###.#
#....#.# #.#.#
#####.#.# #.#.# .
#.......# #.#.# g.
##.##.### #.#.# ... #
#.# #.#.# .... #.#
#.#.# .....
#.#####.#.#g.....
#.<.....#@)..♣
###.#....(h..♣
#.......#.#####...[..
#######.#.# ......
#.#.# ..... #.#.#
..... #.#.# ....
#.#.# #... #.#.#


You could see a hound, 2 gnolls and a friendly spectral hand axe.

Vanquished Creatures
  5 gnolls
  4 adders
  An ooze (D:3)
  2 leopard geckos
  3 orcs (D:4)
  A ball python (D:3)
  A bat (D:2)
  A hobgoblin (D:2)
  2 quokkas (D:3)
  2 frilled lizards
  2 kobolds
24 creatures vanquished.

Vanquished Creatures (others)
  A spectral weapon (D:4)
1 creature vanquished.

Grand Total: 25 creatures vanquished

Notes
Turn   | Place    | Note
-------+----------+-------------------------------------------
     0 | D:1      | tidbits the Gnoll Skald began the quest for the Orb.
     0 | D:1      | Reached XP level 1. HP: 20/20 MP: 6/6
    47 | D:2      | Reached XP level 2. HP: 21/26 MP: 1/7
    51 | D:2      | Learned a level 2 spell: Song of Slaying
    54 | D:2      | Learned a level 2 spell: Shroud of Golubria
    65 | D:2      | Reached XP level 3. HP: 19/31 MP: 0/9
    70 | D:2      | Learned a level 3 spell: Regeneration
    74 | D:2      | Learned a level 3 spell: Spectral Weapon
   125 | D:2      | Reached skill level 5 in Spellcasting
   241 | D:3      | Reached skill level 1 in Invocations
   247 | D:3      | Reached skill level 1 in Short Blades
   247 | D:3      | Reached skill level 1 in Long Blades
   247 | D:3      | Reached skill level 1 in Maces & Flails
   247 | D:3      | Reached skill level 1 in Polearms
   247 | D:3      | Reached skill level 1 in Staves
   247 | D:3      | Reached skill level 1 in Slings
   247 | D:3      | Reached skill level 1 in Bows
   247 | D:3      | Reached skill level 1 in Crossbows
   247 | D:3      | Reached skill level 1 in Throwing
   247 | D:3      | Reached skill level 1 in Stealth
   247 | D:3      | Reached skill level 1 in Shields
   247 | D:3      | Reached skill level 1 in Unarmed Combat
   247 | D:3      | Reached skill level 1 in Evocations
   247 | D:3      | Reached XP level 4. HP: 22/38 MP: 0/11
   346 | D:4      | Reached skill level 1 in Conjurations
   346 | D:4      | Reached skill level 1 in Hexes
   346 | D:4      | Reached skill level 1 in Summonings
   346 | D:4      | Reached skill level 1 in Necromancy
   346 | D:4      | Reached skill level 1 in Translocations
   346 | D:4      | Reached skill level 1 in Transmutations
   346 | D:4      | Reached skill level 1 in Fire Magic
   346 | D:4      | Reached skill level 1 in Ice Magic
   346 | D:4      | Reached skill level 1 in Air Magic
   346 | D:4      | Reached skill level 1 in Earth Magic
   346 | D:4      | Reached skill level 1 in Poison Magic
   383 | D:4      | Slain by a gnoll

Skill      XL: |  1  2  3  4 |
---------------+-------------+-----
Spellcasting   | 5 |  5.1
Invocations    | 1 |  1.4
Short Blades   | 1 |  1.2
Long Blades    | 1 |  1.2
Maces & Flails | 1 |  1.2
Polearms       | 1 |  1.2
Staves         | 1 |  1.2
Slings         | 1 |  1.2
Bows           | 1 |  1.2
Crossbows      | 1 |  1.2
Throwing       | 1 |  1.2
Stealth        | 1 |  1.2
Shields        | 1 |  1.2
Unarmed Combat | 1 |  1.2
Evocations     | 1 |  1.2
Conjurations   | 1 |  1.0
Hexes          | 1 |  1.0
Summonings     | 1 |  1.0
Necromancy     | 1 |  1.0
Translocations | 1 |  1.0
Transmutations | 1 |  1.0
Fire Magic     | 1 |  1.0
Ice Magic      | 1 |  1.0
Air Magic      | 1 |  1.0
Earth Magic    | 1 |  1.0
Poison Magic   | 1 |  1.0
Fighting       | |  4.7
Axes           | |  4.7
Armour         | |  2.8
Dodging        | |  4.7
Charms         | |  5.5

Action                   |  1- 3 |  4- 6 || total
-------------------------+-------+-------++-------
Melee: Hand axe          |    37 |    24 ||    61
       Bite              |     2 |     3 ||     5
 Cast: Infusion          |     3 |     1 ||     4
       Spectral Weapon   |     4 |     2 ||     6
       Song of Slaying   |     1 |     2 ||     3
       Regeneration      |       |     1 ||     1
Armor: Leather armour    |     5 |     5 ||    10
Dodge: Dodged            |    21 |    17 ||    38

Table legend:
 A = Turns spent in this place as a percentage of turns spent in the entire game.
 B = Non-inter-level travel turns spent in this place as a percentage of non-inter-level travel turns spent in the entire game.
 C = Inter-level travel turns spent in this place as a percentage of turns spent in this place.
 D = Turns resting spent in this place as a percentage of non-inter-level travel turns spent in this place.
 E = Turns spent auto-exploring this place as a percentage of non-inter-level travel turns spent in this place.
 F = Non-inter-level travel turns spent in this place divided by the number of levels of this place that you've seen.
                   A       B       C       D       E      F
               +-------+-------+-------+-------+-------+----------------------
         Total | 100.0 | 100.0 |   8.9 |   0.0 |   0.0 |  87.2
       Dungeon | 100.0 | 100.0 |   8.9 |   0.0 |   0.0 |  87.2
               +-------+-------+-------+-------+-------+----------------------

Table legend:
 A = Kills in this place as a percentage of kills in entire the game.
 B = Kills by you in this place as a percentage of kills by you in the entire game.
 C = Kills by friends in this place as a percentage of kills by friends in the entire game.
 D = Other kills in this place as a percentage of other kills in the entire game.
 E = Experience gained in this place as a percentage of experience gained in the entire game.
 F = Experience gained in this place divided by the number of levels of this place that you have seen.
                   A       B       C       D       E      F
               +-------+-------+-------+-------+-------+----------------------
         Total | 100.0 | 100.0 |   N/A |   N/A | 100.0 |  40.2
       Dungeon | 100.0 | 100.0 |   N/A |   N/A | 100.0 |  40.2
               +-------+-------+-------+-------+-------+----------------------

Vault maps used:
D:1:      grunt_arrival_crossed_arrows, nrook_uturn
D:2:      serial_park_tiny_1, minmay_misc_feat_plants, minivault_14,
          palyth_stone_intersect
D:3:      nicolae_overflow_crystal_walls
D:4:      gammafunk_cloud_chamber, kennysheep_little_box, kennysheep_cross_room,
          uniq_robin
